 Dungeon Crawl Stone Soup version 0.31-a0-174-g85c54bcb58 (webtiles) character file.

Game seed: 10152980550792995346

140 qw the Chopper (level 5, -2/32 HPs)
             Began as a Gargoyle Fighter on June 15, 2023.
             Slain by an orc warrior
             ... wielding a +0 trident
              (5 damage)
             ... on level 6 of the Dungeon.
             The game lasted 00:01:11 (2619 turns).

qw the Chopper (Gargoyle Fighter)                   Turns: 2619, Time: 00:01:12

Health: -2/32      AC: 14    Str: 22    XL:     5   Next: 22%
Magic:  5/5        EV:  9    Int: 11    God:
Gold:   225        SH:  4    Dex:  9    Spells: 4/4 levels left

rFire   . . .        Y - +0 war axe (chaos)
rCold   . . .        c - +0 buckler
rNeg    + . .        b - +0 scale mail
rPois   inf          h - +2 helmet {Int+3}
rElec   +            (no cloak)
rCorr   +            (no gloves)
SInv    .            (no boots)
Will    .....        (no amulet) Stlth
                     l - ring of resist corrosion
HPRegen 0.25/turn    (no ring)
MPRegen 0.09/turn

%: no passive effects
@: no status effects
A: sickness immunity, AC +4, negative energy resistance 1, electricity
resistance, torment resistance 1, petrification resistance
a: no special abilities


You were on level 6 of the Dungeon.
You visited 1 branch of the dungeon, and saw 5 of its levels.

You collected 225 gold pieces.


Innate Abilities, Weirdness & Mutations

You are immune to sickness and miasma.
Your stone body is resilient. (AC +4)
You are immune to poison.
You resist negative energy. (rN+)
You are resistant to electric shocks. (rElec)
You are resistant to unholy torment.
You are immune to petrification.


   Skills:
 - Level 3.2 Fighting
 + Level 4.8 Axes
 - Level 3.2 Armour
 - Level 3.2 Shields


You had 4 spell levels left.
You didn't know any spells.
Your spell library was empty.

Inventory:

Hand Weapons
 a - a +0 hand axe
 o - a +1 whip of flaming
 Y - a +0 war axe of chaos (weapon)
Armour
 b - a +0 scale mail (worn)
 c - a +0 buckler (worn)
 h - a +2 helmet of intelligence (worn)
Jewellery
 l - a ring of resist corrosion (left hand)
 m - a ring of resist corrosion
Scrolls
 f - a scroll of identify
Potions
 d - a potion of might
 e - 2 potions of curing
 g - 2 potions of haste
 i - a potion of attraction
 q - a potion of invisibility {unknown}

Dungeon Overview and Level Annotations

Branches:
Dungeon (4/15)
 Temple: D:4-7

Altars:
Fedhas
Ru


Message History

Something hits you. You block the orc warrior's attack.
You slash something! You burn something. Something hits you but does no damage.
You block the orc warrior's attack.
You barely miss something.
You hear some strange, mumbled words.
A puff of flame appears from out of thin air!
The puff of flame hits you. You block the orc warrior's attack.
The orc warrior hits you but does no damage.
Something hits you but does no damage.
An orc comes into view. It is wielding a +0 dagger.
The orc shouts!
You miss something.
You hear a shout!
You hear some strange, mumbled words.
A magic dart appears from out of thin air!
The magic dart hits you but does no damage.
The orc warrior barely misses you.
You closely miss something. Something hits you but does no damage.
The orc warrior completely misses you.
You barely miss something. Something hits you but does no damage.
The orc warrior hits you from afar with a +0 trident.
You block something's attack.
The orc warrior hits you from afar with a +0 trident.
You hit something. You freeze something.
Reactivating autopickup.
You feel a bit more experienced.
The orc warrior hits you from afar with a +0 trident.
You have reached level 5!
You closely miss the orc. The orc hits you but does no damage.
The orc warrior hits you from afar with a +0 trident.
You barely miss the orc. The orc hits you with a +0 hand axe.
The orc warrior hits you from afar with a +0 trident. x2
The orc hits you but does no damage.
You hit the orc. You freeze the orc.
The orc is moderately wounded.
The orc hits you but does no damage.
The orc warrior hits you from afar with a +0 trident.
You die...

##. #....# ...
###.####
#.###.#.#
#..~..#.#
#..~....#
#..~..###
#.#~#.# # #~#.#
# #@# #o#
#..o........
o....o########.
o#####


You could see an orc warrior and 2 orcs.

Vanquished Creatures
  An orc priest (D:6)
  An orc wizard (D:6)
  3 adders (D:2)
  A worm (D:3)
  A ball python (D:1)
  5 endoplasms
  4 giant cockroaches
  7 goblins
  3 hobgoblins
  10 jackals
  2 quokkas (D:2)
  6 bats
  3 frilled lizards
  2 kobolds
  5 rats
54 creatures vanquished.

Notes
Turn   | Place    | Note
-------+----------+-------------------------------------------
     0 | D:1      | qw the Gargoyle Fighter began the quest for the Orb.
     0 | D:1      | Reached XP level 1. HP: 14/14 MP: 1/1
     0 | D:1      | 0 ||| qw: Version: 0.2-a-29-g511e9b1
     0 | D:1      | 0 ||| qw: Game counter: 5269
     0 | D:1      | 0 ||| qw: Always use a shield: true
     0 | D:1      | 0 ||| qw: God list: Okawaru
     0 | D:1      | 0 ||| qw: Allow faded altars: false
     0 | D:1      | 0 ||| qw: Do Orc after D:15 true
     0 | D:1      | 0 ||| qw: Do second Lair branch before Depths: true
     0 | D:1      | 0 ||| qw: Lair rune preference: random
     0 | D:1      | 0 ||| qw: Plans: Normal, Zot:1-4, Slime:5, God:TSO, Crypt,
                  | Tomb, Abyss, Pan, Hells, Win
     0 | D:1      | 0 ||| PLANNING D:1-11
    58 | D:1      | 58 ||| READING scroll labelled CANONGAEWA.
    60 | D:1      | 60 ||| READING scroll labelled EGENOEN KORCHOJ.
    67 | D:1      | Reached skill level 2 in Axes
   249 | D:1      | 249 ||| DROPPING +0 club.
   287 | D:1      | Reached XP level 2. HP: 17/19 MP: 2/2
   436 | D:1      | 436 ||| Stepping ~*~*~tactically~*~*~ (stealth).
   513 | D:1      | Reached skill level 3 in Axes
   716 | D:1      | 716 ||| UPGRADING to ring of resist corrosion.
   717 | D:1      | 717 ||| READING scroll labelled BUTHACEUSK.
   718 | D:1      | 718 ||| READING scroll labelled VIRI MI GOMOZ.
   754 | D:1      | 754 ||| READING 3 scrolls labelled QENNA DIPHU.
   755 | D:1      | 755 ||| DRINKING 2 purple potions.
   756 | D:1      | 756 ||| READING 2 scrolls of identify.
   756 | D:1      | 756 ||| IDENTIFYING blue potion
   757 | D:1      | 757 ||| DROPPING 2 scrolls of vulnerability.
   785 | D:2      | Reached XP level 3. HP: 23/23 MP: 3/3
  1206 | D:2      | Found a blossoming altar of Fedhas.
  1213 | D:2      | Reached XP level 4. HP: 28/28 MP: 4/4
  1432 | D:2      | 1432 ||| DROPPING +0 whip.
  1562 | D:2      | Reached skill level 4 in Axes
  1616 | D:2      | 1616 ||| READING scroll labelled RISCHE IROLUBOT.
  1619 | D:2      | 1619 ||| READING scroll labelled REJU QUOZUAS.
  1620 | D:2      | 1620 ||| READING scroll labelled IWEFINTOOF.
  1621 | D:2      | 1621 ||| READING 2 scrolls of identify.
  1621 | D:2      | 1621 ||| IDENTIFYING smoky black potion
  1647 | D:3      | Found a faded altar of an unknown god.
  2380 | D:3      | Found a sacrificial altar of Ru.
  2515 | D:3      | 2515 ||| UPGRADING to +2 helmet of intelligence.
  2520 | D:3      | 2520 ||| READING scroll labelled AHYGIOCRAO.
  2521 | D:3      | 2521 ||| READING scroll labelled GIRIC QERORPHUL.
  2522 | D:3      | 2522 ||| DRINKING 2 murky brown potions.
  2523 | D:3      | 2523 ||| DRINKING 3 potions of curing.
  2523 | D:3      | 2523 ||| (to cure confusion)
  2524 | D:3      | 2524 ||| READING 2 scrolls of identify.
  2524 | D:3      | 2524 ||| IDENTIFYING clear potion
  2525 | D:3      | 2525 ||| DROPPING potion of brilliance.
  2526 | D:3      | 2526 ||| DROPPING potion of ambrosia.
  2572 | D:4      | You fall into a shaft and drop 2 floors!
  2587 | D:6      | 2587 ||| Stepping ~*~*~tactically~*~*~ (hiding).
  2600 | D:6      | 2600 ||| Stepping ~*~*~tactically~*~*~ (stealth).
  2606 | D:6      | Noticed an orc warrior
  2617 | D:6      | Reached XP level 5. HP: 18/32 MP: 5/5
  2618 | D:6      | HP: 7/32 [orc warrior/+0 trident (5)]
  2618 | D:6      | HP: 2/32 [orc warrior/+0 trident (5)]
  2619 | D:6      | Slain by an orc warrior

Levels and vault maps discovered:
D:1:      minmay_arrival_three_doors, layout_rooms, serial_rivers,
          chequers_serial_rivers_micro_b, chequers_serial_rivers_micro_c,
          chequers_serial_rivers_small_3, chequers_serial_rivers_micro_c,
          reono_crystal_passage
D:2:      layout_loops_corners, basic_altar
D:3:      layout_loops_corners, mainiacjoe_overflow_alcove_2,
          nicolae_ecumenical_oubliette, ebering_dispersal_statue_hall
D:4:      layout_loops_ring, trog_wizard, minmay_hedge_maze
D:6:      layout_basic, lemuel_coloured_pillars_altar,
          mainiacjoe_overflow_concentric_impassable, lemuel_temple_firewalk_a,
          minmay_stone_trees_small, chequers_serial_rivers_micro_b, minivault_5,
          wad_floor_pattern_2, chequers_serial_rivers_micro_a

Skill      XL: |  1  2  3  4 |
---------------+-------------+-----
Axes           | 2 3 4 |  4.8
Fighting       | |  3.2
Armour         | |  3.2
Shields        | |  3.2

Action                     |  1- 3 |  4- 6 || total
---------------------------+-------+-------++-------
  Melee: War axe           |   108 |    68 ||   176
    Use: Scroll            |     6 |     7 ||    13
         Potion            |     1 |     2 ||     3
 Armour: Scale mail        |    46 |    42 ||    88
  Dodge: Dodged            |    61 |    26 ||    87
  Block: Buckler           |    18 |    15 ||    33

Table legend:
 A = Non-vault XP
 B = Vault XP
 C = Vault XP percentage of total XP
 D = Non-vault monster count
 E = Vault monster count
 F = Vault count percentage of total count
                 A         B        C        D         E       F
            +---------+---------+-------+---------+---------+-------
      Total |     200 |       0 |   0.0 |      54 |       0 |   0.0
            +---------+---------+-------+---------+---------+-------
        D:1 |      33 |       0 |   0.0 |      19 |       0 |   0.0
        D:2 |      75 |       0 |   0.0 |      25 |       0 |   0.0
        D:3 |      14 |       0 |   0.0 |       7 |       0 |   0.0
        D:4 |       2 |       0 |   0.0 |       1 |       0 |   0.0
        D:6 |      76 |       0 |   0.0 |       2 |       0 |   0.0
            +---------+---------+-------+---------+---------+-------
